Map: Ruins of Endion

Players

SteAdfaSt

  • Race: Zerg Zerg
  • League: Grandmaster

Pokebunny - Winner!

  • Race: Terran Terran
  • League: Grandmaster

VOD

Have the link to the VOD?

Description

Time

  • Played on: April 6, 2016, 1:29 p.m.
  • Length: 10:25
Show
View Real Time Build Order
Export as new Build Order

SteAdfaSt Zerg 

Build Orders: Hatch First, Muta Ling Bane 

Get SALT Encoding   

  12  0:01  Drone  
  13  0:12  Overlord  
  13  0:18  Drone  
  14  0:31  Drone x2  
  16  0:35  Drone  
  17  0:52  Hatchery  
  17  0:56  Drone  
  17  0:58  Drone  
  17  1:02  Extractor  
  17  1:13  Spawning Pool  
  17  1:16  Drone  
  17  1:20  Drone  
  18  1:29  Drone  
  19  1:43  Drone  
  20  1:50  Drone  
  21  2:03  Queen  
  21  2:04  Queen  
  21  2:05  Overlord  
  21  2:06  Zergling x2  
  21  2:07  Metabolic Boost  
  26  2:13  Zergling x2  
  27  2:17  Zergling x2  
  28  2:27  Drone x2  
  29  2:48  Drone x4  
  33  2:56  Queen  
  34  3:05  Zergling x2  
  34  3:06  Overlord  
  35  3:23  Drone  
  35  3:25  Overlord  
  35  3:26  Drone x3  
  35  3:27  Drone x4  
  42  3:35  Hatchery  
  42  3:37  Queen  
  43  3:43  Queen, Extractor  
  44  3:55  Baneling Nest  
  43  4:03  Drone  
  43  4:04  Drone x7  
  43  4:09  Evolution Chamber  
  50  4:12  Evolution Chamber  
  50  4:16  Overlord  
  49  4:17  Overlord  
  49  4:26  Zergling x4  
  49  4:27  Overlord  
  51  4:34  Overlord  
  51  4:36  Zerg Ground Armor Level 1  
  51  4:38  Zerg Melee Weapons Level 1  
  51  4:49  Zergling x14  
  51  4:51  Drone  
  60  4:52  Drone  
  60  5:05  Baneling  
  60  5:06  Baneling x5  
  60  5:07  Baneling  
  60  5:08  Zergling x2  
  60  5:09  Zergling x12  
  60  5:13  Zergling x4  
  65  5:36  Drone  
  65  5:37  Drone x9  
  65  5:40  Lair  
  75  5:43  Drone x3, Extractor  
  74  6:12  Drone  
  74  6:13  Drone x8  
  74  6:15  Extractor  
  74  6:16  Extractor  
  68  6:20  Zergling x4  
  69  6:33  Zergling x2  
  69  6:34  Zergling x4, Extractor  
  69  6:38  Zergling x4  
  69  6:39  Zergling x2  
  74  6:40  Centrifical Hooks  
  74  6:42  Baneling x4  
  74  6:46  Zergling x4  
  76  6:52  Zergling x2  
  76  6:53  Zergling x10  
  82  7:05  Zergling x6  
  82  7:07  Baneling x13  
  85  7:13  Zergling x4  
  85  7:15  Queen  
  89  7:17  Queen  
  89  7:20  Queen  
  80  7:30  Drone  
  80  7:31  Drone x4  
  80  7:32  Zergling x10  
  88  7:40  Spire  
  88  7:41  Zergling x4  
  88  7:44  Spore Crawler  
  88  7:50  Queen  
  72  8:00  Queen x2  
  72  8:02  Zergling x14  
  74  8:26  Queen  
  73  8:27  Zergling x2  
  73  8:28  Zergling x22  
  85  8:39  Overlord x4  
  65  8:59  Mutalisk x4  
  66  9:05  Mutalisk  
  67  9:20  Drone, Hatchery, Mutalisk x4  
  75  9:28  Mutalisk  
  77  9:33  Zergling x2  
  77  9:34  Zergling x6  
  81  9:48  Zergling x2, Spine Crawler  
  81  9:49  Zergling x10  
  86  9:57  Overseer  
  86  9:59  Baneling  
  84  10:00  Baneling x7  
  63  10:08  Zergling x2  
Show
View Real Time Build Order
Export as new Build Order

Pokebunny Terran - Winner!

Build Orders: Reaper Expand, MMM Bio 

Get SALT Encoding   

  12  0:00  SCV  
  13  0:12  SCV  
  14  0:17  Supply Depot  
  14  0:25  SCV  
  15  0:39  SCV  
  15  0:40  Barracks  
  16  0:45  Refinery  
  16  0:51  SCV  
  17  1:03  SCV  
  18  1:15  SCV  
  19  1:28  Reaper, Orbital Command  
  20  1:40  Command Center  
  20  1:50  Supply Depot  
  20  1:53  SCV  
  21  2:01  Barracks Reactor  
  21  2:06  SCV  
  22  2:09  Barracks  
  22  2:16  Barracks  
  22  2:19  SCV  
  23  2:23  Refinery  
  23  2:31  SCV  
  24  2:38  Marine x2  
  26  2:50  SCV  
  27  2:51  Factory  
  27  2:53  Orbital Command  
  27  3:01  Barracks Tech Lab, Marine x2  
  27  3:04  SCV  
  30  3:07  Marine  
  31  3:17  SCV  
  32  3:23  Marine x2  
  32  3:24  Marine, Stimpack  
  35  3:33  Marine  
  36  3:36  SCV x2  
  36  3:38  Starport  
  36  3:41  Factory Reactor  
  38  3:47  Supply Depot  
  38  3:55  SCV x2  
  39  3:59  Engineering Bay  
  39  4:02  Marine x3  
  42  4:07  Supply Depot  
  42  4:09  SCV  
  43  4:12  Marine  
  44  4:21  Marine  
  44  4:22  Medivac  
  44  4:23  Medivac  
  49  4:26  Marine x2  
  49  4:31  Supply Depot  
  51  4:32  Terran Infantry Weapons Level 1  
  51  4:35  Factory Tech Lab  
  51  4:36  Marine  
  52  4:39  SCV x2  
  52  4:41  Refinery  
  52  4:45  Barracks Reactor  
  54  4:46  Marine x2  
  56  4:56  Supply Depot  
  56  4:58  Marine  
  57  5:00  Siege Tank, SCV x2  
  62  5:07  Supply Depot, Marine x2  
  62  5:14  SCV x2  
  66  5:19  Marine  
  67  5:25  Marine x2  
  69  5:34  Marine  
  69  5:35  Marine  
  68  5:37  Combat Shields  
  68  5:39  Siege Tank  
  68  5:40  Barracks  
  68  5:41  Barracks, SCV  
  72  5:43  Medivac  
  72  5:48  SCV  
  74  6:07  Marine  
  74  6:08  Marine x4  
  75  6:12  Medivac  
  69  6:21  Siege Tank  
  69  6:22  SCV x2  
  69  6:25  Marine x2, Supply Depot  
  74  6:26  Marine x3  
  74  6:28  Medivac  
  74  6:29  Marine x2  
  83  6:40  SCV x2  
  83  6:42  Supply Depot  
  83  6:43  Marine  
  83  6:46  Marine x2  
  88  6:56  Marine x2  
  90  7:07  Marine x4  
  90  7:08  Siege Tank, Marine  
  98  7:09  Medivac x2  
  98  7:12  Supply Depot  
  98  7:14  Supply Depot  
  99  7:32  Marine x2  
  99  7:33  Marine x2  
  99  7:34  Marine x2  
  105  7:40  Siege Tank  
  108  7:44  Supply Depot  
  108  7:45  Supply Depot  
  105  7:55  Marine x2  
  105  7:56  Marine x3  
  105  7:57  Medivac  
  105  7:58  Medivac  
  108  8:07  Terran Infantry Armor Level 1  
  108  8:14  Command Center  
  102  8:27  Medivac  
  102  8:28  Medivac  
  102  8:31  Marine  
  102  8:32  Marine x5  
  102  8:34  Siege Tank  
  115  8:35  SCV x2  
  115  8:36  Refinery  
  111  9:05  Marine, SCV  
  111  9:06  Marine x5  
  111  9:09  Supply Depot  
  118  9:15  Armory, Engineering Bay  
  118  9:24  Marine x4  
  119  9:25  Barracks Reactor x2, Marine  
  119  9:26  Siege Tank  
  119  9:28  SCV  
  119  9:29  SCV  
  128  9:41  Marine  
  129  9:57  Marine x3  
  129  9:58  Marine  
Tags
 
Add a new tag
Caveats
  • Supply blocks, unpowered buildings, or Contaminate may cause inaccurate times.
  • Supply counts are checked every 10 seconds.